 Dungeon Crawl Stone Soup version 0.20.1-1-g8b1a95d66d (webtiles) character file.

319 Gargoyl the Skirmisher (level 6, -1/56 HPs)
             Began as a Centaur Abyssal Knight on Dec 8, 2017.
             Was a Believer of Lugonu.
             Succumbed to a scorpion's poison
             ... on level 2 of the Dungeon.
             The game lasted 00:04:35 (2395 turns).

Gargoyl the Skirmisher (Centaur Abyssal Knight)     Turns: 2395, Time: 00:04:35

Health: -1/56      AC:  8    Str: 14    XL:     6   Next: 21%
Magic:  8/8        EV:  5    Int: 16    God:    Lugonu [**....]
Gold:   78         SH:  7    Dex: 11    Spells: 5/5 levels left

rFire    . . .     SeeInvis .   a - +1 hand axe
rCold    . . .     Gourm    .   l - +0 shield
rNeg     . . .     Faith    .   g - +0 ring mail
rPois    .         Spirit   .   o - +0 helmet
rElec    .         Reflect  .   h - +0 cloak
rCorr    .         Harm     .   (no gloves)
MR       .....                  (no barding)
Stlth    ..........             (no amulet)
Regen    0.2/turn               (no ring)
MPRegen  0.2/turn               (no ring)

@: brilliant, lethally poisoned (-1 -> -27), very quick
A: hooves 3, deformed body, speed 2, tough skin 3
a: Depart the Abyss, Bend Space, Renounce Religion


You were on level 2 of the Dungeon.
You worshipped Lugonu.
Lugonu was pleased with you.
You were hungry.

You visited 1 branch of the dungeon, and saw 3 of its levels.
You visited the Abyss 1 time.

You collected 78 gold pieces.

Inventory:

Hand Weapons
 a - a +1 hand axe (weapon)
Missiles
 k - 3 javelins (quivered)
Armour
 g - a +0 ring mail (worn)
 h - a +0 cloak (worn)
 l - a +0 shield (worn)
 o - a +0 helmet (worn)
Jewellery
 p - an uncursed ring of stealth {unknown}
Scrolls
 i - 2 scrolls of magic mapping
 j - 2 scrolls of teleportation
Potions
 b - a potion of cancellation {unknown}
 m - a potion of brilliance
Miscellaneous
 e - a lightning rod (1/4)
Comestibles
 c - a bread ration
 d - 3 meat rations
 f - 4 fruits


   Skills:
 + Level 5.1 Fighting
 + Level 2.8 Axes
 * Level 2.5 Armour
 + Level 0.8 Dodging
 + Level 0.2 Shields
 * Level 3.1 Invocations
 + Level 0.1 Evocations


You had 5 spell levels left.
You didn't know any spells.

Dungeon Overview and Level Annotations

Branches:
Dungeon (3/15)

Altars:

Annotations:
D:2 Ijyb
D:3 Sigmund


Innate Abilities, Weirdness & Mutations

You have hooves in place of feet.
Armour fits poorly on your strangely shaped body.
You cover ground very quickly.
You have extremely tough skin. (AC +3)


Message History

You feel sick. The scorpion stings you.
* * * LOW HITPOINT WARNING * * *
You are lethally poisoned!
The scorpion poisons you!
You hit the scorpion but do no damage. Your kick misses the scorpion.
The scorpion is severely wounded.
* * * LOW HITPOINT WARNING * * *
You feel sick. The scorpion barely misses you.
You closely miss the scorpion. You kick the scorpion.
The scorpion is almost dead.
* * * LOW HITPOINT WARNING * * *
You feel sick. The scorpion stings you.
* * * LOW HITPOINT WARNING * * *
The scorpion stings you.
* * * LOW HITPOINT WARNING * * *
You are more poisoned.
The scorpion poisons you!
It was a potion of brilliance.
You feel clever all of a sudden.
You die...

.....(...........)....#########.#
...#.###..###.>#####.............
#.#(## ##.###..# #.##########.#
#..######..##..# #.# #.. #..#
#.....##..# #.# ###
#..###.###.##.g# #.# #
#.#.##(##.###..# #.# #
#.##.#.#.## #.(#####.# #
..###...#####.gs@..#.##### # ###
##.........###.#.....# ###
#..######## #.#####.# #..
######..# #.# #.# #.# ........#
#.# #.# #.# #####...# #.# #.# #.#
#...##### ####.#####.# #.#
#.....(.# #.......##.# #.#
#.)####.###...###.##.# #.#


You could see Ijyb and a scorpion.

Vanquished Creatures
  A chaos spawn (Abyss:3)
  Natasha (thrice) (D:2)
  Robin (D:2)
  3 adders (D:2)
  2 oozes
  A worm (D:3)
  2 dart slugs
  3 giant cockroaches
  13 goblins
  10 hobgoblins
  4 jackals (D:1)
  7 kobolds
  4 bats
  6 frilled lizards
  A rat (D:1)
  A lurking horror (Abyss:3)
62 creatures vanquished.

Notes
Turn   | Place    | Note
-------+----------+-------------------------------------------
     0 | Abyss:1  | Gargoyl the Centaur Abyssal Knight began the quest for the Orb.
     0 | Abyss:1  | Reached XP level 1. HP: 19/19 MP: 2/2
   111 | Abyss:3  | Noticed a chaos spawn
   121 | Abyss:3  | Killed a chaos spawn
   121 | Abyss:3  | Reached skill level 4 in Fighting
   121 | Abyss:3  | Reached XP level 2. HP: 28/28 MP: 3/3
   121 | Abyss:3  | Reached XP level 3. HP: 35/35 MP: 4/4
   121 | Abyss:3  | Reached XP level 4. HP: 41/41 MP: 5/5
   122 | Abyss:3  | Noticed an ancient zyme
   143 | Abyss:3  | Noticed a thrashing horror
   148 | D:1      | Escaped the Abyss
   413 | D:1      | Reached skill level 5 in Fighting
   459 | D:1      | Reached XP level 5. HP: 34/48 MP: 6/6
   472 | D:1      | Reached * piety under Lugonu
  1147 | D:2      | Noticed Natasha
  1154 | D:2      | Killed Natasha
  1374 | D:2      | Noticed Robin
  1394 | D:2      | Reached ** piety under Lugonu
  1406 | D:2      | Killed Robin
  1877 | D:2      | Noticed Natasha
  1888 | D:2      | Killed Natasha
  1888 | D:2      | Reached XP level 6. HP: 38/56 MP: 8/8
  1929 | D:2      | Noticed Natasha
  1949 | D:2      | Killed Natasha
  2323 | D:3      | Noticed Ijyb
  2324 | D:3      | Noticed Sigmund
  2325 | D:3      | Paralysed by Ijyb for 5 turns
  2372 | D:3      | Paralysed by Ijyb for 3 turns
  2394 | D:2      | HP: 1/56 [scorpion (4)]
  2395 | D:2      | Succumbed to a scorpion's poison

Skill      XL: |  1  2  3  4  5  6 |
---------------+-------------------+-----
Fighting       | 4 5 |  5.1
Axes           | 2 |  2.8
Armour         | 2 |  2.5
Invocations    | 3 |  3.1
Dodging        | |  0.8
Shields        | |  0.2
Evocations     | |  0.1

Action                   |  1- 3 |  4- 6 || total
-------------------------+-------+-------++-------
Melee: Hand axe          |       |   182 ||   182
       Kick              |       |    33 ||    33
Throw: Javelin           |       |     1 ||     1
Invok: Depart the Abyss  |       |     1 ||     1
Evoke: Lightning rod     |     2 |     1 ||     3
  Use: Potion            |     1 |     1 ||     2
       Scroll            |       |     7 ||     7
  Eat: Chunk             |       |     3 ||     3
Armor: Ring mail         |       |   101 ||   101
Dodge: Dodged            |       |    62 ||    62
Block: Shield            |       |    40 ||    40
